 Dungeon Crawl Stone Soup version 0.29.1 (webtiles) character file.

Game seed: 6709392818835296101

189 jamesp the Conjurer (level 5, -1/35 (40) HPs)
             Began as a Draconian Conjurer on Sept 13, 2022.
             Slain by Duvessa
             ... wielding a +2 rapier of draining
              (10 damage)
             ... on level 4 of the Dungeon.
             The game lasted 00:15:39 (4930 turns).

jamesp the Conjurer (Draconian Conjurer)            Turns: 4930, Time: 00:15:39

HP:   -1/35 (40)    AC:  5    Str:  9    XL:     5   Next: 40%
MP:   4/10          EV: 12    Int: 21    God:
Gold: 178           SH:  0    Dex:  9    Spells: 7/10 levels left

rFire   . . .      SeeInvis .   v - +1 whip (elec)
rCold   . . .      Faith    .   (no shield)
rNeg    + . .      Spirit   .   (body armour unavailable)
rPois   .          Reflect  .   (helmet restricted)
rElec   .          Harm     .   (no cloak)
rCorr   .          Rampage  .   (no gloves)
Will    .....                   (no boots)
Stlth   ++........              (no amulet)
HPRegen 0.11/turn               s - ring of positive energy
MPRegen 0.12/turn               (no ring)

@: mighty, heavily drained
A: AC +5, unfitting armour, cold-blooded
a: no special abilities


You were on level 4 of the Dungeon.
You visited 1 branch of the dungeon, and saw 4 of its levels.

You collected 178 gold pieces.

Inventory:

Hand Weapons
 v - a +1 whip of electrocution (weapon)
Missiles
 e - 37 stones
 t - a throwing net
Armour
 c - a scarf of shadows
Jewellery
 b - a ring of fire
 s - a ring of positive energy (left hand)
Wands
 u - a wand of flame (2)
Scrolls
 f - 2 scrolls of teleportation {unknown}
 g - a scroll of vulnerability {unknown}
 h - a scroll of torment {unknown}
 i - 2 scrolls of magic mapping {unknown}
 k - a scroll of immolation
 n - 2 scrolls of identify
 r - a scroll of noise {unknown}
Potions
 a - 2 potions of magic
 d - a potion of invisibility
 j - 2 potions of mutation
 m - a potion of cancellation
 o - a potion of resistance {unknown}
 p - a potion of curing {unknown}
 q - a potion of ambrosia


   Skills:
 + Level 1.2 Fighting
 - Level 3.0 Dodging
 - Level 1.7 Stealth
 + Level 3.4 Spellcasting
 + Level 5.1 Conjurations


You had 7 spell levels left.
You knew the following spells:

 Your Spells              Type           Power      Damage    Failure   Level
a - Magic Dart            Conj           100%       1d8       1%          1
b - Searing Ray           Conj           50%        2d6       2%          2

Your spell library contained the following spells:

 Spells                   Type           Power      Damage    Failure   Level
 Dazzling Flash           Conj/Hex       28%        N/A       14%         3
 Ensorcelled Hibernation  Hex/Ice        6%         N/A       19%         2
 Gell's Gravitas          Tloc           3%         N/A       36%         3
 Ozocubu's Armour         Ice            3%         N/A       36%         3
 Spider Form              Tmut/Pois      3%         N/A       36%         3
 Teleport Other           Tloc           3%         N/A       36%         3
 Fulminant Prism          Conj/Hex       7%         3d7       41%         4
 Iskenderun's Mystic Bla  Conj/Tloc      14%        2d5       41%         4
 Anguish                  Hex/Necr       1%         N/A       77%         4
 Agony                    Necr           3%         N/A       98%         5
 Silence                  Hex/Air        1%         N/A       98%         5
 Dispersal                Tloc           1%         N/A       100%        6
 Ozocubu's Refrigeration  Ice            1%         4d7       100%        7


Dungeon Overview and Level Annotations

Branches:
Dungeon (4/15)
 Temple: D:4-7

Altars:
Makhleb

Shops:
D:4 !

Annotations:
D:3 1 transporter, bigduke15's ghost, amateur GnCA
D:4 Duvessa


Innate Abilities, Weirdness & Mutations

Your plain brown scales are hard. (AC +5)
You cannot fit into any form of body armour.
You are cold-blooded and may be slowed by cold attacks.


Message History

The searing ray hits Duvessa!
Duvessa is moderately wounded.
You finish channelling your searing ray.
Okay, then.
You hit Duvessa.
Your tail-slap misses Duvessa.
Duvessa is heavily wounded.
Duvessa hits you with a +2 rapier of draining.
You partially resist.
You feel drained.
You hit Duvessa.
Duvessa is heavily wounded.
Duvessa hits you with a +2 rapier of draining.
You partially resist.
You feel drained.
You hit Duvessa.
Duvessa is heavily wounded.
Duvessa hits you with a +2 rapier of draining.
You partially resist.
You feel drained.
You barely miss Duvessa.
Duvessa is heavily wounded.
Duvessa says, "I don't care about looks, I care about technique!"
Duvessa hits you with a +2 rapier of draining.
You partially resist.
You feel drained.
Unknown command.
You closely miss Duvessa.
Your tail-slap misses Duvessa.
You punch Duvessa, but do no damage.
Duvessa is heavily wounded.
Duvessa completely misses you.
You hit Duvessa.
Your tail-slap misses Duvessa.
Duvessa is severely wounded.
Duvessa gestures with her weapon.
Duvessa barely misses you.
You hit Duvessa.
Duvessa is severely wounded.
Duvessa says, "When magic and the sword combine, nothing stands against them."
Duvessa hits you with a +2 rapier of draining.
* * * LOW HITPOINT WARNING * * *
You partially resist.
You feel drained.
* * * LOW HITPOINT WARNING * * *
You feel very mighty all of a sudden.
Duvessa hits you with a +2 rapier of draining!
You die...

#.# #.# #.# #.# #.#
#.# #.# #.# #.# #.#
#.# #.# #)# #.# #e#
#.# #@# #.# #.# #.#
#########.#########.#
....................#
######...############
#.....<### ##.######
#######..# .......>##


You could see Duvessa.

Vanquished Creatures
  A hound (D:4)
  Robin (D:4)
  2 adders
  2 worms (D:2)
  12 dart slugs
  8 orcs
  2 ball pythons
  3 bats
  6 endoplasms
  2 giant cockroaches
  15 goblins
  9 hobgoblins
  6 quokkas
  2 frilled lizards
  7 kobolds
  7 rats
85 creatures vanquished.

Notes
Turn   | Place    | Note
-------+----------+-------------------------------------------
     0 | D:1      | jamesp the Draconian Conjurer began the quest for the Orb.
     0 | D:1      | Reached XP level 1. HP: 14/14 MP: 3/3
   434 | D:1      | Reached XP level 2. HP: 20/20 MP: 0/5
  1318 | D:2      | Reached XP level 3. HP: 19/26 MP: 2/6
  1991 | D:2      | Found a faded altar of an unknown god.
  2399 | D:2      | Learned a level 2 spell: Searing Ray
  2699 | D:3      | Reached XP level 4. HP: 33/33 MP: 5/8
  3076 | D:3      | Found a transporter.
  3076 | D:3      | Noticed bigduke15's ghost (amateur GnCA)
  3076 | D:3      | Noticed an ogre
  3078 | D:3      | Noticed an ogre
  3958 | D:3      | Found a burning altar of Makhleb.
  4199 | D:4      | Reached skill level 5 in Conjurations
  4199 | D:4      | Reached XP level 5. HP: 39/39 MP: 3/9
  4642 | D:4      | Found Oplaq's Distillery.
  4707 | D:4      | Noticed Duvessa
  4755 | D:4      | Reached skill level 1 in Fighting
  4891 | D:4      | Noticed Robin
  4922 | D:4      | Killed Robin
  4930 | D:4      | Slain by Duvessa

Illustrated notes

Levels and vault maps discovered:
D:1:      wander_arrival_peaceful_grave, layout_basic
D:2:      layout_loops_ring, hellmonk_ecumenical_altar_zigzags, serial_rivers,
          chequers_serial_rivers_small_b, chequers_serial_rivers_small_a,
          chequers_serial_rivers_micro_a, chequers_serial_rivers_micro_a,
          chequers_serial_rivers_large_a, chequers_serial_rivers_micro_d,
          kennysheep_generic_room_9
D:3:      kennysheep_slugbush, layout_loops_ring, lemuel_round_altar,
          gammafunk_ghost_smash
D:4:      layout_basic, serial_shops, nicolae_take_the_stairs, uniq_robin,
          uniq_duvessa

Skill      XL: |  1  2  3  4  5 |
---------------+----------------+-----
Dodging        | 2 3 |  3.0
Spellcasting   | 3 |  3.4
Conjurations   | 5 |  5.1
Fighting       | 1 |  1.2
Stealth        | |  1.7

Action                   |  1- 3 |  4- 6 || total
-------------------------+-------+-------++-------
Melee: Club              |    50 |    19 ||    69
       Tailslap          |     4 |     1 ||     5
       Whip              |       |    14 ||    14
       Punch             |       |     1 ||     1
 Cast: Magic Dart        |    81 |   108 ||   189
       Searing Ray       |       |     4 ||     4
  Use: Scroll            |     7 |       ||     7
       Potion            |       |     2 ||     2
Armor: Skin              |    15 |    24 ||    39
Dodge: Dodged            |    38 |    39 ||    77
